 Dungeon Crawl Stone Soup version 0.17.2-1-ge4368a0 (webtiles) character file.

35 tidbits the Insei (level 3, -1/27 HPs)
             Began as a Demigod Transmuter on Sept 22, 2017.
             Slain by a goblin
             ... wielding a cursed -2 club
             ... led by Robin
              (4 damage)
             ... on level 4 of the Dungeon.
             The game lasted 00:03:21 (403 turns).

tidbits the Insei (Demigod Transmuter)               Turns: 403, Time: 00:03:21

Health: -1/27      AC:  4    Str: 13    XL:     3   Next: 2%
Magic:  1/9        EV: 17    Int: 19    God:
Gold:   90         SH:  0    Dex: 21    Spells: 2 memorised, 4 levels left

rFire  . . .     SeeInvis .       - Unarmed
rCold  . . .     Clarity  .     b - +0 robe
rNeg   . . .     SustAt   +     (no shield)
rPois  .         Gourm    .     E - +1 helmet
rElec  .         Spirit   .     (no cloak)
rCorr  .         Warding  .     (no gloves)
rMut   .         Stasis   .     (boots currently unavailable)
MR     .....                    (no amulet)
Stlth  +++.......               (no ring)
                                (no ring)

@: agile, appendage (expiring), drained, not resistant to hostile enchantments,
fairly stealthy
A: talons 3, high mp 1, sustain attributes
a: End Transformation


You were on level 4 of the Dungeon.
You were not hungry.
You had grown temporary talons.
You visited 1 branch of the dungeon, and saw 4 of its levels.

You collected 90 gold pieces.

Inventory:

Hand Weapons
 e - a +0 hunting sling
   (You found it on level 1 of the Dungeon)
Missiles
 a - 10 arrows
 j - 17 poisoned arrows
Armour
 b - a +0 robe (worn)
 E - a +1 helmet (worn)
   (You found it on level 2 of the Dungeon)
Books
 c - a book of Changes

   Spells                             Type                      Level
   a - Beastly Appendage              Transmutation                1
   b - Sticks to Snakes               Transmutation                2
   c - Spider Form                    Transmutation/Poison         3
   d - Ice Form                       Ice/Transmutation            4
   e - Blade Hands                    Transmutation                5
Comestibles
 d - 2 bread rations


   Skills:
 - Level 0.8(0.1) Fighting
 - Level 1.7(1.0) Dodging
 - Level 2.6(1.9) Unarmed Combat
 + Level 2.6(1.9) Spellcasting
 + Level 2.4(1.6) Transmutations


You had 4 spell levels left.
You knew the following spells:

 Your Spells              Type           Power        Failure   Level  Hunger
e - Beastly Appendage     Trmt           #.....       10%         1    #......
k - Sticks to Snakes      Trmt           #.........   14%         2    ###....


Dungeon Overview and Level Annotations

Branches:
Dungeon (4/15)
 Temple: D:4-7

Annotations:
D:4 Robin


Innate Abilities, Weirdness & Mutations

You have an increased reservoir of magic (+10% MP).
Your attributes are resistant to harm.
You have claws for feet.


Message History

Confirm with . or Enter, or press ? or * to list all spells.
You create a snake!
The goblin completely misses you. The goblin misses you.
You hit the goblin.
You kill the goblin!
The goblin completely misses you.
A worm comes into view.
You aren't carrying any potions.
Unknown command.
Read which item? (? for menu, Esc to quit)
As you read the scroll labeled ENASHRI YLUVO, it crumbles to dust.
Forget which spell ([?*] list [ESC] exit)?
Forget which spell ([?*] list [ESC] exit)?
Okay, then.
It was a scroll of amnesia.
The goblin hits you but does no damage.
Read which item? (? for menu, Esc to quit)
As you read the scroll labeled GASCHA IPO HYSA, it crumbles to dust.
It is a scroll of recharging.
You aren't carrying any rechargeable items.
The goblin hits you but does no damage.
Unknown command.
Casting: Sticks to Snakes
Confirm with . or Enter, or press ? or * to list all spells.
Your feet morph into talons.
The worm barely misses your adder. The goblin barely misses you.
You hit the goblin.
You kill the goblin!
Your adder bites the worm.
You barely miss the goblin.
Your adder bites the worm.
The worm is poisoned.
Your adder poisons the worm!
The goblin closely misses you. The worm closely misses your adder.
Your adder bites the worm.
The worm looks even sicker.
Your adder poisons the worm!
You barely miss the goblin. Your kick misses the goblin.
The goblin closely misses you.
Your adder bites the worm.
The worm looks even sicker.
Your adder poisons the worm!
The worm bites your adder!
You closely miss the goblin. Your kick misses the goblin.
The goblin misses you.
Your adder bites the worm but does no damage.
You hit the goblin. You claw the goblin.
You kill the goblin!
Your adder bites the worm.
The worm bites your adder!
Your adder dies!
Casting: Beastly Appendage
Confirm with . or Enter, or press ? or * to list all spells.
You create a snake!
The goblin closely misses you.
You hit the goblin.
The goblin is severely wounded.
Your transformation is almost over.
The worm dies!
The goblin barely misses you.
You barely miss the goblin. You claw the goblin.
You kill the goblin!
You swap places.
The adder bites your ball python.
Your ball python dies!
Casting: Sticks to Snakes
Confirm with . or Enter, or press ? or * to list all spells.
You don't have enough magic to cast that spell.
Casting: Sticks to Snakes
Confirm with . or Enter, or press ? or * to list all spells.
You extend your transformation's duration.
The adder closely misses you.
You hit the adder but do no damage. Your kick misses the adder.
The adder bites you.
* * * LOW HITPOINT WARNING * * *
The adder completely misses you.
You hit the adder but do no damage. You claw the adder, but do no damage.
The adder completely misses you.
You closely miss the adder. You claw the adder.
The adder is heavily wounded.
The adder closely misses you.
You hit the adder.
The adder is almost dead.
Your transformation is almost over.
The adder misses you. The adder barely misses you.
Your magical contamination has completely faded away.
You hit the adder.
You kill the adder!
You have reached level 3!
Your experience leads to an increase in your attributes!
Your base attributes are Str 13, Int 17, Dex 16.
Increase (S)trength, (I)ntelligence, or (D)exterity?
You feel clever. x2
You hit the goblin but do no damage. Your kick misses the goblin.
You punch the goblin.
The goblin is severely wounded.
The goblin completely misses you. The goblin hits you but does no damage.
The goblin hits you with a dagger.
* * * LOW HITPOINT WARNING * * *
You barely miss the goblin.
The goblin is severely wounded.
The goblin misses you. The goblin completely misses you.
You hit the goblin.
You kill the goblin!
Robin throws the goblin at you! The goblin barely misses you.
The goblin closely misses you. The goblin hits you but does no damage.
You aren't carrying any potions.
Unknown command.
You closely miss the goblin. Your kick misses the goblin.
The goblin hits you with a club.
You die...

# #.####### ##
#....... .#
##.##...####g#
....(...ggg@g#
#####[$g######
#...# #####


You could see Robin, a hobgoblin and 4 goblins.

Vanquished Creatures
  2 adders
  A hobgoblin (D:2)
  2 kobolds (D:2)
  A bat (D:1)
  9 goblins
  3 rats (D:2)
18 creatures vanquished.

Vanquished Creatures (collateral kills)
  A worm (D:4)
1 creature vanquished.

Grand Total: 19 creatures vanquished

Notes
Turn   | Place    | Note
--------------------------------------------------------------
     0 | D:1      | tidbits the Demigod Transmuter began the quest for the Orb.
     0 | D:1      | Reached XP level 1. HP: 15/15 MP: 5/5
    53 | D:2      | Found an iron altar of Okawaru.
    68 | D:2      | Reached skill level 2 in Spellcasting
    68 | D:2      | Reached skill level 2 in Transmutations
   149 | D:2      | Reached XP level 2. HP: 8/22 MP: 5/7
   153 | D:2      | Learned a level 2 spell: Sticks to Snakes
   366 | D:2      | You fall through a shaft for 2 floors!
   366 | D:4      | Noticed Robin
   399 | D:4      | Reached XP level 3. HP: 3/27 MP: 1/9
   400 | D:4      | HP: 2/27 [goblin/dagger[Robin] (1)]
   403 | D:4      | Slain by a goblin

Action                   || total
-------------------------++-------
Melee: Unarmed           ||    54
 Cast: Beastly Appendage ||    10
       Sticks to Snakes  ||     2
  Use: Scroll            ||     2
       Potion            ||     2

Table legend:
 A = Turns spent in this place as a percentage of turns spent in the entire game.
 B = Non-inter-level travel turns spent in this place as a percentage of non-inter-level travel turns spent in the entire game.
 C = Inter-level travel turns spent in this place as a percentage of turns spent in this place.
 D = Turns resting spent in this place as a percentage of non-inter-level travel turns spent in this place.
 E = Turns spent auto-exploring this place as a percentage of non-inter-level travel turns spent in this place.
 F = Non-inter-level travel turns spent in this place divided by the number of levels of this place that you've seen.
                   A       B       C       D       E      F
               +-------+-------+-------+-------+-------+----------------------
         Total | 100.0 | 100.0 |   0.0 |   0.0 |   0.0 |  89.8
       Dungeon | 100.0 | 100.0 |   0.0 |   0.0 |   0.0 |  89.8
               +-------+-------+-------+-------+-------+----------------------

Table legend:
 A = Kills in this place as a percentage of kills in entire the game.
 B = Kills by you in this place as a percentage of kills by you in the entire game.
 C = Kills by friends in this place as a percentage of kills by friends in the entire game.
 D = Other kills in this place as a percentage of other kills in the entire game.
 E = Experience gained in this place as a percentage of experience gained in the entire game.
 F = Experience gained in this place divided by the number of levels of this place that you have seen.
                   A       B       C       D       E      F
               +-------+-------+-------+-------+-------+----------------------
         Total | 100.0 | 100.0 | 100.0 |  -nan | 100.0 |  12.5
       Dungeon | 100.0 | 100.0 | 100.0 |  -nan | 100.0 |  12.5
               +-------+-------+-------+-------+-------+----------------------

Vault maps used:
D:1:      nicolae_arrival_washed_ashore
D:2:      okawaru_ov_weapons_minmay, first_bread
D:3:      amethyst_overflow_temple_binary
D:4:      uniq_robin
